 Dungeon Crawl Stone Soup version 0.28-a0-1227-ga9037bb4c8 (webtiles) character file.

Game seed: 11434557008980394985

32 ytrimaz the Insei (level 3, -7/23 HPs)
             Began as an Octopode Transmuter on Dec 23, 2021.
             Killed from afar by Sigmund (10 damage)
             ... with a puff of flame
             ... on level 2 of the Dungeon.
             The game lasted 00:01:58 (1427 turns).

ytrimaz the Insei (Octopode Transmuter)             Turns: 1427, Time: 00:01:58

Health: -7/23      AC:  1    Str:  9    XL:     3   Next: 25%
Magic:  2/6        EV: 13    Int: 17    God:
Gold:   33         SH:  5    Dex: 12    Spells: 0/6 levels left

rFire   . . .      SeeInvis .     - Unarmed
rCold   . . .      Faith    .   (no shield)
rNeg    . . .      Spirit   .   (helmet restricted)
rPois   .          Reflect  +   b - amulet of reflection
rElec   .          Harm     .   (no ring)
rCorr   .          Rampage  .   (no ring)
Will    .....                   (no ring)
Stlth   ++........              (no ring)
HPRegen 0.07/turn               (no ring)
MPRegen 0.10/turn               (no ring)
                                (no ring)
                                (no ring)

@: no status effects
A: almost no armour, amphibious, 8 rings, camouflage 1, gelatinous body 1,
(nimble swimmer 1), tentacles
a: no special abilities


You were on level 2 of the Dungeon.
You visited 1 branch of the dungeon, and saw 2 of its levels.

You collected 33 gold pieces.

Inventory:

Jewellery
 b - an amulet of reflection (around mantle)
Scrolls
 c - a scroll of teleportation
 f - a scroll of amnesia {unknown}
Potions
 a - a potion of lignification {unknown}
 d - a potion of cancellation {unknown}


   Skills:
 * Level 1.3 Fighting
 * Level 2.2 Dodging
 + Level 3.2 Unarmed Combat
 * Level 2.4 Spellcasting
 * Level 2.4 Transmutations


You couldn't memorise any spells.
You knew the following spells:

 Your Spells              Type           Power      Damage    Failure   Level
a - Beastly Appendage     Tmut           20%        N/A       7%          1
b - Wereblood             Tmut           10%        N/A       11%         2
c - Spider Form           Tmut/Pois      6%         N/A       32%         3

Your spell library contained the following spells:

 Spells                   Type           Power      Damage    Failure   Level
 Ice Form                 Ice/Tmut       6%         N/A       73%         4


Dungeon Overview and Level Annotations

Branches:
Dungeon (2/15)

Altars:

Shops:
D:1 =

Annotations:
D:2 Sigmund


Innate Abilities, Weirdness & Mutations

You cannot wear most types of armour.
You are amphibious.
You can wear up to eight rings at the same time.
Your skin changes colour to match your surroundings (Stealth+).
Your rubbery body absorbs attacks. (AC +1, EV +1)
((You are camouflaged when in or above water. (Stealth+)))
You have tentacles for arms and can constrict up to eight enemies at once.


Message History

The endoplasm quivers.
You hit the endoplasm but do no damage.
Your transformation is almost over.
Sigmund barely misses you.
The endoplasm jiggles.
The endoplasm closely misses you.
Unknown command.
You hit the endoplasm but do no damage. The endoplasm completely misses you.
Sigmund misses you.
You hit the endoplasm.
The endoplasm is poisoned.
The endoplasm is severely wounded.
You kill the endoplasm!
Sigmund hits you with a +0 scythe.
There is an open door here.
Unknown command.
You hit Sigmund but do no damage.
Sigmund is poisoned.
Sigmund barely misses you.
You hit Sigmund but do no damage.
Sigmund looks as sick as possible!
You hit Sigmund but do no damage.
Sigmund looks as sick as possible!
Sigmund is lightly wounded.
Sigmund points at you and mumbles some strange words.
The puff of flame hits you!
You hit Sigmund.
Sigmund is moderately wounded.
Sigmund casts a spell at you. The magic dart hits you!
* * * LOW HITPOINT WARNING * * *
Your magical contamination has completely faded away.
Unknown command.
You feel better. Sigmund barely misses you.
Unknown command.
Your transformation has ended.
Sigmund gestures at you while chanting. You resist with significant effort.
Sigmund points at you and mumbles some strange words.
The puff of flame hits you!
* * * LOW HITPOINT WARNING * * *
Sigmund points at you and mumbles some strange words.
The puff of flame hits you!
You die...

#.# #.# #.#########
#.#.......# #### #.##.####.#
...# #.##.# #.# ...# #.##.#
#.# ...#
##########.##.####.#####...#
...........@....@......'...#
##########.##[####.#####...#
#.##.# #.# ...# #.##.# #.#
.### #.##.# #.# .# #.##.#
#.# .# #.#... ..# .. #.#..#
### #.


You could see Sigmund (very poisoned).

Vanquished Creatures
  A dart slug (D:1)
  A bat (D:1)
  6 endoplasms
  A giant cockroach (D:1)
  2 hobgoblins (D:1)
  3 quokkas (D:1)
  4 ball pythons (D:1)
  3 frilled lizards (D:1)
  A goblin (D:2)
  5 rats (D:1)
27 creatures vanquished.

Notes
Turn   | Place    | Note
-------+----------+-------------------------------------------
     0 | D:1      | ytrimaz the Octopode Transmuter began the quest for the
                  | Orb.
     0 | D:1      | Reached XP level 1. HP: 13/13 MP: 3/3
   200 | D:1      | Reached XP level 2. HP: 15/18 MP: 3/5
   262 | D:1      | Learned a level 2 spell: Wereblood
   448 | D:1      | Found Aqeogewi's Jewellery Shoppe.
   860 | D:1      | Reached XP level 3. HP: 23/23 MP: 4/6
   864 | D:1      | Learned a level 3 spell: Spider Form
  1402 | D:2      | Noticed Sigmund
  1427 | D:2      | Killed from afar by Sigmund

Illustrated notes

Levels and vault maps discovered:
D:1:      onia_arrival_pentagram, layout_loops_ring, serial_shops,
          nicolae_shop_advertising_works [nicolae_subvault_shop_adworks],
          chequers_serial_rivers_small_a, fountainhead, minmay_misc_feat_rows
D:2:      layout_basic, uniq_natasha, uniq_sigmund, uniq_terence

Action                   || total
-------------------------++-------
Melee: Unarmed           ||    71
       Constrict         ||    15
       Kick              ||     9
       Tentacles         ||    10
 Cast: Beastly Appendage ||    16
       Spider Form       ||     1
  Use: Scroll            ||     2
       Potion            ||     1
 Stab: Sleeping          ||     7
Armor: Skin              ||     8
Dodge: Dodged            ||    43
Block: Other             ||     2

Table legend: (Time is in decaauts)
 A = Elapsed time spent in this place.
 B = Non-inter-level travel time spent in this place.
 C = Inter-level travel time spent in this place.
 D = Time resting spent in this place.
 E = Time spent auto-exploring this place.
 F = Levels seen in this place.
 G = Mean time per level.
                   A        B        C        D        E       F      G
               +--------+--------+--------+--------+--------+-----+--------+
         Total |   1422 |   1411 |     11 |      0 |   1122 |   2 |  711.0 |
       Dungeon |   1422 |   1411 |     11 |      0 |   1122 |   2 |  711.0 |
               +--------+--------+--------+--------+--------+-----+--------+

Top non-repeatable levels by time:
     D:1: 1211 daAuts
     D:2: 210 daAuts
